 Dungeon Crawl Stone Soup version 0.18-b1-22-ge198996 (webtiles) character file.

280 Chiseanne the Magician (level 6, 41/41 HPs)
             Began as a Demonspawn Wizard on May 4, 2016.
             Quit the game on level 3 of the Dungeon.
             The game lasted 00:09:36 (4198 turns).

Chiseanne the Magician (Demonspawn Wizard)          Turns: 4198, Time: 00:09:37

Health: 41/41      AC:  6    Str:  5 (8)  XL:     6   Next: 5%
Magic:  1/13       EV: 12    Int: 20 (21) God:
Gold:   136        SH:  0    Dex:  9 (11) Spells: 5 memorised, 3 levels left

rFire  . . .     SeeInvis .     a - +2 spear (venom)
rCold  . . .     Gourm    .     h - +0 robe
rNeg   . . .     Faith    .     (no shield)
rPois  .         Spirit   +     (helmet restricted)
rElec  .         Dismiss  .     s - +1 cloak
rCorr  .         Reflect  .     (no gloves)
SustAt .         Harm     .     (no boots)
MR     .....                    (no amulet)
Stlth  ++........               (no ring)
                                (no ring)

@: very slightly contaminated, repel missiles, not resistant to hostile
enchantments, unstealthy
A: horns 1, thin metallic scales 1, magic shield
a: no special abilities


You were on level 3 of the Dungeon.
You were hungry.

You visited 1 branch of the dungeon, and saw 3 of its levels.

You collected 136 gold pieces.

Inventory:

Hand Weapons
 a - a +2 spear of venom (weapon)
Missiles
 e - 31 arrows
 f - 2 throwing nets
 l - 18 stones (quivered)
 m - 13 poisoned needles
 p - 6 tomahawks
 u - 38 bolts
Armour
 h - a +0 robe (worn)
 s - a +1 cloak (worn)
 y - a +0 helmet
Jewellery
 w - an uncursed ring of fire
Scrolls
 b - a scroll of fear
 g - a scroll of enchant armour
 o - 2 scrolls of remove curse
Potions
 n - a potion of curing {unknown}
 q - a potion of agility
 r - 2 potions of magic {unknown}
Books
 c - a book of Minor Magic

   Spells                             Type                      Level
   a - Magic Dart                     Conjuration                  1
   b - Blink                          Translocation                2
   c - Call Imp                       Summoning                    2
   d - Repel Missiles                 Charms/Air                   2
   e - Slow                           Hexes                        2
   f - Conjure Flame                  Conjuration/Fire             3
   g - Mephitic Cloud                 Conjuration/Poison/Air       3
Comestibles
 d - a bread ration
 j - 3 meat rations
 t - 3 chunks of flesh
 v - a beef jerky


   Skills:
 - Level 1.7 Dodging
 - Level 1.7 Stealth
 * Level 4.8 Spellcasting
 * Level 4.4 Conjurations
   Level 1.0 Summonings
 - Level 0.8 Translocations


You had 3 spell levels left.
You knew the following spells:

 Your Spells              Type           Power        Failure   Level  Hunger
a - Magic Dart            Conj           ###.         1%          1    None
b - Blink                 Tloc           N/A          14%         2    #......
c - Repel Missiles        Chrm/Air       #.....       21%         2    #......
d - Mephitic Cloud        Conj/Pois/Air  ##......     21%         3    ##.....
e - Conjure Flame         Conj/Fire      ##......     17%         3    ##.....


Dungeon Overview and Level Annotations

Branches:
Dungeon (3/15)

Altars:
Okawaru
Ru
Yredelemnul


Innate Abilities, Weirdness & Mutations

You have a pair of small horns on your head.
You are partially covered in thin metallic scales (AC +2).
When hurt, damage is shared between your health and your magic reserves.


Message History

The ogre is heavily wounded.
The ogre is engulfed in noxious fumes.
Evoke which item? (* to show all) (? for menu, Esc to quit)
Attack whom?
Press: ? - help, Dir - move target cursor, f/p - ogre
Aim: an ogre, wielding a giant spiked club (heavily wounded, poisoned, confused)
You reach to attack!
You hit the ogre.
The ogre is severely wounded.
You hit the ogre.
The ogre looks even sicker.
The ogre is severely wounded.
You kill the ogre!
You have reached level 6!
Your experience leads to an increase in your attributes!
Your base attributes are Str 8, Int 20, Dex 11.
Increase (S)trength, (I)ntelligence, or (D)exterity?
You feel clever.
Your demonic ancestry asserts itself...
A pair of horns grows on your head!
Your +0 helmet falls away!
You feel your intelligence returning.
Are you sure you want to abandon this character and quit the game? (Confirm with "yes".)

+..........
...
...(.....
### .......
$.... ...
#'# #.# #)#
##@##
##...##
#.....#
##...##
##.##
#.###.####.#
#..........#
#####.######
#.#


There were no monsters in sight!

Vanquished Creatures
  An ogre (D:3)
  An orc priest (D:3)
  Robin (D:2)
  3 adders
  3 gnolls (D:3)
  4 dart slugs
  3 giant geckos
  6 orcs (D:3)
  8 bats
  3 giant cockroaches
  21 goblins
  6 hobgoblins
  4 jackals (D:2)
  4 kobolds
  3 ball pythons
  3 giant newts
  10 rats
84 creatures vanquished.

Notes
Turn   | Place    | Note
--------------------------------------------------------------
     0 | D:1      | Chiseanne the Demonspawn Wizard began the quest for the Orb.
     0 | D:1      | Reached XP level 1. HP: 13/13 MP: 4/4
   509 | D:1      | Gained mutation: When hurt, damage is shared between your health and your magic reserves. [demonic ancestry]
   509 | D:1      | Reached XP level 2. HP: 9/19 MP: 0/6
  1273 | D:1      | Learned a level 2 spell: Blink
  1276 | D:1      | Learned a level 2 spell: Repel Missiles
  1533 | D:2      | Noticed Robin
  1874 | D:2      | Reached XP level 3. HP: 24/24 MP: 2/8
  1875 | D:2      | Found an iron altar of Okawaru.
  2447 | D:1      | Learned a level 3 spell: Mephitic Cloud
  2634 | D:2      | Found a basalt altar of Yredelemnul.
  2809 | D:2      | Gained mutation: You are partially covered in thin metallic scales (AC +2). [demonic ancestry]
  2809 | D:2      | Reached XP level 4. HP: 27/30 MP: 1/9
  3222 | D:2      | Killed Robin
  3311 | D:2      | Found a sacrificial altar of Ru.
  3376 | D:3      | Learned a level 3 spell: Conjure Flame
  3721 | D:3      | Reached XP level 5. HP: 35/35 MP: 0/11
  4182 | D:3      | Noticed an ogre
  4197 | D:3      | Killed an ogre
  4197 | D:3      | Gained mutation: You have a pair of small horns on your head. [demonic ancestry]
  4197 | D:3      | Reached XP level 6. HP: 41/41 MP: 1/13
  4198 | D:3      | Quit the game

Skill      XL: |  1  2  3  4  5 |
---------------+----------------+-----
Conjurations   | 2 3 4 |  4.4
Spellcasting   | 4 |  4.8
Dodging        | |  1.7
Stealth        | |  1.7
Summonings     | |  1.0
Translocations | |  0.8

Action                   |  1- 3 |  4- 6 || total
-------------------------+-------+-------++-------
Melee: Short sword       |    31 |    34 ||    65
       Unarmed           |     8 |       ||     8
       Spear             |       |     6 ||     6
 Cast: Magic Dart        |   105 |    68 ||   173
       Repel Missiles    |     2 |       ||     2
       Mephitic Cloud    |       |     6 ||     6
       Blink             |       |     1 ||     1
  Use: Scroll            |     5 |     3 ||     8
       Potion            |       |     4 ||     4
 Stab: Confused          |       |     1 ||     1
  Eat: Chunk             |     5 |     5 ||    10
Armor: Robe              |    33 |     2 ||    35
       Skin              |       |    17 ||    17
Dodge: Dodged            |    86 |     9 ||    95
       Deflected         |     1 |       ||     1
